 Dungeon Crawl Stone Soup version 0.31.0-11-ge490571c62 (webtiles) character file.

Game seed: 6328387430516987152

132 qw the Shooter (level 4, -5/23 HPs)
             Began as a Spriggan Hunter on Feb 4, 2024.
             Incinerated by a bombardier beetle (6 damage)
             ... with a burning spray
             ... on level 3 of the Dungeon.
             The game lasted 00:00:05 (1755 turns).

qw the Shooter (Spriggan Hunter)                    Turns: 1755, Time: 00:00:06

Health: -5/23      AC:  4    Str:  7    XL:     4   Next: 92%
Magic:  5/5        EV: 20    Int: 10    God:
Gold:   79         SH:  0    Dex: 20    Spells: 3/3 levels left

rFire   . . .        a - +0 shortbow (flame)
rCold   . . .        (shield currently unavailable)
rNeg    + . .        c - +0 robe
rPois   .            e - +2 hat
rElec   .            (no cloak)
rCorr   .            (gloves unavailable)
SInv    +            (boots unavailable)
Will    .....        (no amulet)
Stlth   +            l - ring of positive energy
HPRegen 0.23/turn    (no ring)
MPRegen 0.09/turn

%: no passive effects
@: on fire, glowing, very quick
A: very small, no large weapons, unfitting armour, see invisible, speed 3
a: no special abilities


You were on level 3 of the Dungeon.
You visited 1 branch of the dungeon, and saw 3 of its levels.

You collected 79 gold pieces.


Innate Abilities, Weirdness & Mutations

You are very small and have problems with some larger weapons.
You are too small for most types of armour.
You have supernaturally acute eyesight. (SInv)
You cover ground extremely quickly. (Speed+++)


   Skills:
 - Level 2.2 Fighting
 + Level 5.0 Ranged Weapons
 - Level 5.0 Dodging
 - Level 1.5 Stealth


You had 3 spell levels left.
You didn't know any spells.
Your spell library was empty.

Inventory:

Hand Weapons
 a - a +0 shortbow of flaming (weapon)
Armour
 c - a +0 robe (worn)
 e - a +2 hat (worn)
Jewellery
 l - a ring of positive energy (left hand)
Scrolls
 d - a scroll of identify {unknown}
Potions
 b - a potion of haste
 g - a potion of enlightenment
 j - a potion of magic {unknown}

Dungeon Overview and Level Annotations

Branches:
Dungeon (3/15)

Altars:


Message History

The giant cockroach is almost dead.
The giant cockroach misses you.
You shoot an arrow.
The arrow hits the giant cockroach but does no damage.
The giant cockroach is almost dead.
The giant cockroach completely misses you.
The giant cockroach misses you.
You shoot an arrow. The arrow hits the giant cockroach!
The arrow burns the giant cockroach.
You kill the giant cockroach!
Your Dodging skill increases to level 5!
You shoot an arrow.
The arrow closely misses the bombardier beetle.
The bombardier beetle completely misses you.
You shoot an arrow.
The arrow closely misses the bombardier beetle.
You shoot an arrow.
The arrow barely misses the bombardier beetle.
The bombardier beetle bites you.
You shoot an arrow.
The arrow barely misses the bombardier beetle.
The bombardier beetle sprays incendiary fluid at you.
The burning spray hits you.
You are covered in liquid fire!
You shoot an arrow. The arrow hits the bombardier beetle!
The arrow burns the bombardier beetle.
You kill the bombardier beetle!
The liquid fire burns you!
Your Fighting skill increases to level 2!
You are on fire!
The liquid fire burns you!
You are on fire!
The liquid fire burns you!
You are on fire!
The liquid fire burns you!
You are on fire!
The liquid fire burns you!
You are on fire!
The liquid fire burns you!
You die...

#.... #.... #.... #....
#.... # #.?.. ...
##########....
...).######.............
......%@....########....
....######### ##... .
##.. ###


There were no monsters in sight!

Vanquished Creatures
  A bombardier beetle (D:3)
  A sleepcap (D:3)
  An adder (D:2)
  3 dart slugs
  5 ball pythons
  11 bats
  6 endoplasms
  5 giant cockroaches
  5 goblins
  3 quokkas
  4 frilled lizards
  7 kobolds
  2 rats (D:1)
54 creatures vanquished.

Notes
Turn   | Place    | Note
-------+----------+-------------------------------------------
     0 | D:1      | qw the Spriggan Hunter began the quest for the Orb.
     0 | D:1      | Reached XP level 1. HP: 10/10 MP: 2/2
     0 | D:1      | 0 ||| qw: Version: 0.3-a-160-g6735b56
     0 | D:1      | 0 ||| qw: Game counter: 4738
     0 | D:1      | 0 ||| qw: Melee chars always use a shield: true
     0 | D:1      | 0 ||| qw: God list: Okawaru
     0 | D:1      | 0 ||| qw: Allow faded altars: false
     0 | D:1      | 0 ||| qw: Do Orc after clearing Dungeon:15 true
     0 | D:1      | 0 ||| qw: Do second Lair branch before Depths: true
     0 | D:1      | 0 ||| qw: Lair rune preference: random
     0 | D:1      | 0 ||| qw: Goals: Normal
     0 | D:1      | 0 ||| PLANNING D:1-11
    12 | D:1      | Reached skill level 3 in Dodging
   119 | D:1      | Reached XP level 2. HP: 14/14 MP: 3/3
   615 | D:1      | Reached XP level 3. HP: 18/18 MP: 4/4
   704 | D:1      | 704 ||| UPGRADING to +2 hat.
   709 | D:1      | 709 ||| READING scroll labelled JOMYATH HIXYVUIST.
   710 | D:1      | 710 ||| READING scroll labelled MOCREM LOLOK.
   711 | D:1      | 711 ||| DROPPING scroll of butterflies.
  1461 | D:2      | 1461 ||| UPGRADING to ring of positive energy.
  1462 | D:2      | 1462 ||| READING scroll labelled HOECYJ QUBRYU.
  1463 | D:2      | 1463 ||| READING scroll labelled FIUNNUNUP VOSE.
  1464 | D:2      | 1464 ||| READING scroll labelled OCO VUGHEDGHUKURCH.
  1464 | D:2      | 1464 ||| BRANDING +0 shortbow.
  1465 | D:2      | 1465 ||| READING 2 scrolls labelled ZET UMAVIZ.
  1466 | D:2      | 1466 ||| READING scroll labelled XAATHEKK LOEG.
  1567 | D:2      | 1567 ||| DRINKING 2 orange potions.
  1568 | D:2      | 1568 ||| DRINKING 2 fuming orange potions.
  1569 | D:2      | 1569 ||| DROPPING scroll of revelation.
  1617 | D:3      | 1617 ||| STAIRDANCE
  1665 | D:3      | Reached XP level 4. HP: 16/22 MP: 5/5
  1754 | D:3      | HP: 1/23 [burnt (5)]
  1755 | D:3      | Incinerated by a bombardier beetle

Levels and vault maps discovered:
D:1:      minmay_arrival_glassed_features, layout_basic,
          chequers_serial_rivers_micro_e
D:2:      layout_loops_ring, minmay_goblin_outpost
D:3:      layout_rooms, regret_index_xom_buried_treasure

Skill      XL: |  1  2  3  4 |
---------------+-------------+-----
Dodging        | 3 4 5 |  5.0
Ranged Weapons | 5 |  5.0
Fighting       | 2 |  2.2
Stealth        | |  1.5

Action                     |  1- 3 |  4- 6 || total
---------------------------+-------+-------++-------
   Fire: Shortbow          |   120 |    20 ||   140
    Use: Scroll            |     7 |       ||     7
         Potion            |     2 |       ||     2
 Armour: Robe              |     9 |     2 ||    11
  Dodge: Dodged            |    56 |    11 ||    67

Table legend:
 A = Non-vault XP
 B = Vault XP
 C = Vault XP percentage of total XP
 D = Non-vault monster count
 E = Vault monster count
 F = Vault count percentage of total count
                 A         B        C        D         E       F
            +---------+---------+-------+---------+---------+-------
      Total |     183 |       6 |   3.2 |      51 |       3 |   5.6
            +---------+---------+-------+---------+---------+-------
        D:1 |      45 |       0 |   0.0 |      26 |       0 |   0.0
        D:2 |      40 |       6 |  13.0 |      16 |       3 |  15.8
        D:3 |      98 |       0 |   0.0 |       9 |       0 |   0.0
            +---------+---------+-------+---------+---------+-------
